 Dungeon Crawl Stone Soup version 0.17-a0-1468-gbf503c2 (console) character file.

686 dunyain the Chopper (level 7, 0/50 HPs)
             Began as a Demonspawn Gladiator on July 1, 2015.
             Slain by a hell rat (1 damage)
             ... on level 5 of the Dungeon.
             The game lasted 00:06:22 (5462 turns).

dunyain the Chopper (Demonspawn Gladiator)          Turns: 5462, Time: 00:06:22

Health: 0/50       AC: 11    Str: 15    XL:     7   Next: 35%
Magic:  7/7        EV: 12    Int:  9    God:
Gold:   332        SH:  0    Dex: 16    Spells: 0 memorised, 6 levels left

rFire  + . .     SeeInvis .     a - +3 hand axe
rCold  . . .     Clarity  .     b - +0 leather armour
rNeg   + . .     SustAt   .     (no shield)
rPois  .         Gourm    .     c - +0 helmet
rElec  .         Spirit   .     (no cloak)
rCorr  .         Warding  +     A - +0 pair of gloves
rMut   .         Stasis   .     (no boots)
MR     .....                    q - amulet of warding
Stlth  ++........               D - ring of protection from fire
                                p - +5 ring of protection

@: drained, not resistant to hostile enchantments, unstealthy
A: claws 2, molten scales 1, nightstalker 1, wild magic 1
a: no special abilities


You were on level 5 of the Dungeon.
You were not hungry.

You visited 2 branches of the dungeon, and saw 6 of its levels.

You collected 332 gold pieces.

Inventory:

Hand weapons
 a - a +3 hand axe (weapon)
 r - a +0 war axe
Missiles
 d - 3 throwing nets (quivered)
Armour
 b - a +0 leather armour (worn)
 c - a +0 helmet (worn)
 A - a +0 pair of gloves (worn)
 I - a +1 shield of fire resistance
Jewellery
 p - a +5 ring of protection (left hand)
 q - an amulet of warding (around neck)
 D - a ring of protection from fire (right hand)
 E - an uncursed amulet of the gourmand {unknown}
 H - an uncursed ring of stealth
Scrolls
 g - 5 scrolls of identify
 i - 3 scrolls of recharging {unknown}
 s - 5 scrolls of remove curse {unknown}
 w - a scroll of blinking {unknown}
 x - a scroll of fear {unknown}
 y - a scroll of immolation {unknown}
 J - a scroll of amnesia {unknown}
Potions
 k - 2 potions of resistance
 m - a potion of invisibility
 v - a potion of agility
 G - a potion of magic
 M - 2 potions of poison {unknown}
Comestibles
 e - 8 bread rations
 h - 3 meat rations
 u - a beef jerky
 K - a slice of pizza


   Skills:
 - Level 2.0(1.2) Fighting
 + Level 7.9(7.0) Axes
 - Level 1.7(0.9) Throwing
 - Level 2.6(1.8) Dodging


You had 6 spell levels left.
You didn't know any spells.

Dungeon Overview and Level Annotations

Branches:
Dungeon (5/15)             Temple (1/1) D:4

Altars:
Cheibriados
Elyvilon
Gozag
Makhleb
Nemelex Xobeh
Qazlal
Ru
Sif Muna
Trog
Vehumet
Xom
Yredelemnul
The Shining One


Innate Abilities, Weirdness & Mutations

You have very sharp fingernails.
You are partially covered in molten scales (AC +1).
You are slightly more attuned to the shadows.
Your spells are a little harder to cast, but a little more powerful.


Message History

The hell rat bites you! You partially resist.
You feel drained.
Unknown command.
You hit the hell rat but do no damage.
The hell rat is almost dead.
The hell rat bites you!
* * * LOW HITPOINT WARNING * * *
You partially resist.
You feel drained.
* * * LOW HITPOINT WARNING * * *
Unknown command.
You are too injured to fight recklessly!
Unknown command.
Press: ? - help, v - describe, . - travel, g - get item
Here: a hell rat (almost dead)
A rat corpse.
The floor, spattered with blood.
Drink which item? (? for menu, Esc to quit)
You feel better. The hell rat bites you!
* * * LOW HITPOINT WARNING * * *
You partially resist.
You feel drained.
You die...

.# ### #.# ..#
###.## #.# ####
...#.#
#.######..###†..#
#.##.#..##..†...#
#...#.#######.##..#
####### #..#.###
#.####.@# #$
###rrr..# # rrr..#
rrr..# .r...#
.....# ..$###


You could see a hell rat, 2 river rats and 7 rats.

Vanquished Creatures
  An ice beast (D:4)
  A scorpion (D:5)
  A hound (D:4)
  A centaur zombie (D:5)
  A crimson imp (D:5)
  3 orc priests
  Ijyb (D:3)
  An iguana (D:5)
  5 worker ants
  7 adders
  A shadow imp (D:5)
  An ooze (D:3)
  An adder skeleton (D:4)
  A worm (D:3)
  5 giant geckos
  8 orcs
  3 ball pythons
  15 bats
  A bat skeleton (D:4)
  A bat zombie (D:5)
  8 giant cockroaches
  7 goblins
  9 hobgoblins
  7 jackals
  2 quokkas
  A giant gecko zombie (D:5)
  5 giant newts
  9 kobolds
  16 rats
123 creatures vanquished.

Notes
Turn   | Place    | Note
--------------------------------------------------------------
     0 | D:1      | dunyain the Demonspawn Gladiator began the quest for the Orb.
     0 | D:1      | Reached XP level 1. HP: 16/16 MP: 1/1
    76 | D:1      | Reached skill level 3 in Axes
   138 | D:1      | Gained mutation: You are partially covered in molten scales (AC +1). [demonic ancestry]
   138 | D:1      | Reached XP level 2. HP: 8/22 MP: 2/2
   966 | D:2      | Found a glowing golden altar of the Shining One.
   974 | D:2      | Found a radiant altar of Vehumet.
   980 | D:2      | Reached XP level 3. HP: 24/27 MP: 3/3
  1301 | D:2      | Reached skill level 4 in Axes
  1426 | D:2      | Found a bloodstained altar of Trog.
  1481 | D:3      | Noticed Ijyb
  1495 | D:3      | Killed Ijyb
  1495 | D:3      | Gained mutation: You have sharp fingernails. [demonic ancestry]
  1495 | D:3      | Reached XP level 4. HP: 4/33 MP: 4/4
  2000 | D:3      | Reached skill level 5 in Axes
  2074 | D:3      | Found a snail-covered altar of Cheibriados.
  2872 | D:3      | Gained mutation: You are slightly more attuned to the shadows. [demonic ancestry]
  2872 | D:3      | Reached XP level 5. HP: 33/38 MP: 5/5
  3287 | D:4      | Noticed an ice beast
  3567 | D:4      | Found a staircase to the Ecumenical Temple.
  3599 | Temple   | Entered the Ecumenical Temple
  3869 | D:4      | Reached skill level 6 in Axes
  3874 | D:4      | Gained mutation: You have very sharp fingernails. [demonic ancestry]
  3874 | D:4      | Reached XP level 6. HP: 38/44 MP: 6/6
  3953 | D:4      | Killed an ice beast
  4114 | D:5      | Entered Level 5 of the Dungeon
  4391 | D:5      | Reached skill level 7 in Axes
  4650 | D:5      | Reached XP level 7. HP: 31/50 MP: 7/7
  5135 | D:5      | Gained mutation: Your spells are a little harder to cast, but a little more powerful. [potion of beneficial mutation]
  5462 | D:5      | HP: 1/50 [hell rat (13)]
  5462 | D:5      | Slain by a hell rat

Vault maps used:
D:1:      roderic_crop_circles_arrival_small, hex_medium
D:2:      gammafunk_temple_overflow_forgotten, first_bread, st_stairs_5
D:3:      cheibriados_altar_1, uniq_iyjb
D:4:      temple_fountains, minivault_11
D:5:      lemuel_ratsnest
Temple:   jpeg_temple_clearing_9

Action                   |  1- 3 |  4- 6 |  7- 9 || total
-------------------------+-------+-------+-------++-------
Melee: War axe           |   122 |     7 |       ||   129
       Hand axe          |       |   250 |    69 ||   319
  Use: Potion            |     2 |       |     2 ||     4
       Scroll            |       |       |     3 ||     3
 Stab: Sleeping          |     1 |     2 |     1 ||     4
       Invisible         |     1 |       |       ||     1
  Eat: Chunk             |     2 |    10 |     3 ||    15
